cohdb
Replays
Latest Replays
All Replays
Popular Replays
Top Player Replays
Match Explorer
How It Works
Community
CoH3 Stats
Reddit
Sign in to upload your games and track your stats! →
Sign in with Steam
Match 45428419
Unlisted
Match 45428419
Overview
Messages
Build Orders
End
Selects Special Operations Battlegroup
Selects Special Operations Battlegroup
Selects M29 Weasel Recon Vehicle
M29 Weasel Recon Vehicle
Construct Weapon Support Center
M1919 Machine Gun Team
Bazooka Squad
Infantry Support Center
M1919 Machine Gun Team
M3 Armored Personnel Carrier
M3 Armored Personnel Carrier
Selects Raiding Flares
M3 Armored Personnel Carrier
Advanced Logistics
Selects SSF Commando Squad
SSF Commando Squad
M3 Armored Personnel Carrier
Engineer Squad
SSF Commando Squad
Selects P-47 Anti-Infantry Loiter
P-47 Anti-Infantry Loiter
男神贾队长
shor
顾宇燃
akik_ele
Guacamole Stains
Seven
mi prima de Cifuentes
周杰伦
0
0
Comments
sign in to comment!
No comments posted yet!